[Event "CAN-op"]
[Site "Ottawa CAN"]
[Date "2026.07.11"]
[Round "1.1"]
[White "Stefansson, Vignir Vatnar"]
[Black "Zhu, Elber"]
[Result "1-0"]
[ECO "E11"]
[WhiteElo "2540"]
[BlackElo "1988"]
[WhiteFideId "-1"]
[BlackFideId "-1"]
[PlyCount "63"]
[GameId "2332995606633949"]
[EventDate "2026.07.11"]
[EventType "swiss"]
[EventRounds "9"]
[EventCountry "CAN"]
[TimeControl "5400+30"]
[WhiteClock "0:59:40"]
[BlackClock "0:28:21"]

1. d4 Nf6 2. Nf3 d5 3. c4 e6 4. g3 Bb4+ 5. Bd2 Be7 6. Bg2 O-O 7. O-O c6 8. Bf4 Nbd7 9. Na3 Bxa3 10. bxa3 dxc4 11. Qc2 b5 12. e4 Re8 13. Bd6 Bb7 14. e5 Nd5 15. Nd2 Qb6 16. Ne4 h6 17. Qd2 a5 18. Rab1 Red8 19. f4 f5 20. exf6 N7xf6 21. Bc5 Qc7 22. Rbe1 Nxe4 23. Bxe4 Re8 24. Bg6 c3 25. Qc2 Red8 26. f5 exf5 27. Qxf5 b4 28. Be7 Qd7 29. Qf7+ Kh8 30. Bxd8 Qxf7 31. Rxf7 Rxd8 32. Rxb7 1-0

[Event "CAN-op"]
[Site "Ottawa CAN"]
[Date "2026.07.11"]
[Round "1.2"]
[White "Lazarev, Shon"]
[Black "Rodrigue-Lemieux, Shawn"]
[Result "0-1"]
[ECO "B45"]
[WhiteElo "1894"]
[BlackElo "2534"]
[WhiteFideId "-1"]
[BlackFideId "-1"]
[PlyCount "60"]
[GameId "2332995606728158"]
[EventDate "2026.07.11"]
[EventType "swiss"]
[EventRounds "9"]
[EventCountry "CAN"]
[TimeControl "5400+30"]
[WhiteClock "0:00:59"]
[BlackClock "0:19:22"]

1. e4 c5 2. Nf3 e6 3. Nc3 Nc6 4. d4 cxd4 5. Nxd4 Bc5 6. Nxc6 bxc6 7. Bd3 d5 8. O-O Ne7 9. Kh1 O-O 10. f4 f6 11. Rf3 f5 12. e5 a5 13. Qe2 a4 14. Bd2 a3 15. b3 Bb4 16. Na4 Bxd2 17. Qxd2 Ra5 18. Qb4 c5 19. Qxa3 Bd7 20. c3 Bc6 21. Rd1 d4 22. Rg3 Nd5 23. cxd4 Nxf4 24. Qc1 Qh4 25. Bf1 Nh5 26. Rc3 f4 27. Kg1 f3 28. dxc5 fxg2 29. Qe3 gxf1=R+ 30. Rxf1 Qg4+ 0-1

[Event "CAN-op"]
[Site "Ottawa CAN"]
[Date "2026.07.11"]
[Round "1.3"]
[White "Atanasov, Anthony"]
[Black "Berube, Maximilien"]
[Result "1-0"]
[ECO "D04"]
[WhiteElo "2470"]
[BlackElo "2000"]
[WhiteFideId "-1"]
[BlackFideId "-1"]
[PlyCount "119"]
[GameId "2332995606752735"]
[EventDate "2026.07.11"]
[EventType "swiss"]
[EventRounds "9"]
[EventCountry "CAN"]
[TimeControl "5400+30"]
[WhiteClock "0:04:05"]
[BlackClock "0:01:36"]

1. d4 d5 2. Nf3 Nf6 3. e3 c5 4. Nbd2 Nc6 5. Bb5 cxd4 6. exd4 a6 7. Bxc6+ bxc6 8. c4 e6 9. Qa4 dxc4 10. Ne5 Bd7 11. Ndxc4 c5 12. Nxd7 Qxd7 13. Qxd7+ Nxd7 14. Be3 f6 15. Ke2 cxd4 16. Bxd4 e5 17. Be3 Bc5 18. Rhd1 Rc8 19. Nd6+ Bxd6 20. Rxd6 Rc2+ 21. Kf3 Rxb2 22. Rxa6 O-O 23. Ra7 e4+ 24. Kg3 Ne5 25. Rc1 h5 26. a4 Ra2 27. Rcc7 Rf7 28. Rxf7 Nxf7 29. Kf4 Ne5 30. Kxe4 Ng4 31. Bb6 Nxf2+ 32. Kd4 Ng4 33. a5 Ne5 34. Rc7 h4 35. Kd5 Nd3 36. Rc4 h3 37. gxh3 Kf7 38. h4 Kg6 39. Rg4+ Kf7 40. Rg3 Ne5 41. h3 Ra4 42. h5 Ra2 43. Rc3 Kg8 44. Rc8+ Kh7 45. Ra8 Nd3 46. h4 Ra4 47. Kd6 Ne5 48. a6 Rxh4 49. a7 Nc4+ 50. Kc5 Nxb6 51. Kxb6 Rb4+ 52. Ka5 Rb2 53. Rh8+ Kxh8 54. a8=Q+ Kh7 55. Qe4+ Kg8 56. Qe8+ Kh7 57. Qg6+ Kg8 58. h6 Ra2+ 59. Kb6 Rb2+ 60. Kc6 1-0

[Event "CAN-op"]
[Site "Ottawa CAN"]
[Date "2026.07.11"]
[Round "1.4"]
[White "Valdizon, Armando"]
[Black "Preotu, Razvan"]
[Result "0-1"]
[ECO "A26"]
[WhiteElo "2082"]
[BlackElo "2482"]
[WhiteFideId "-1"]
[BlackFideId "-1"]
[PlyCount "61"]
[GameId "2332995606793696"]
[EventDate "2026.07.11"]
[EventType "swiss"]
[EventRounds "9"]
[EventCountry "CAN"]
[TimeControl "5400+30"]
[WhiteClock "0:06:29"]
[BlackClock "0:35:39"]

1. c4 Nf6 2. Nc3 g6 3. g3 Bg7 4. Bg2 O-O 5. Nf3 Nc6 6. O-O e5 7. d3 d6 8. Rb1 a5 9. a3 h6 10. b4 axb4 11. axb4 Be6 12. b5 Ne7 13. Qc2 Qd7 14. Bb2 Bh3 15. Ra1 Rab8 16. Ra7 Qe6 17. Rfa1 Bxg2 18. Kxg2 Nd7 19. e4 c6 20. bxc6 bxc6 21. Rc7 Ra8 22. Nd5 Rxa1 23. Bxa1 cxd5 24. cxd5 Nxd5 25. exd5 Qe8 26. Qc6 Nf6 27. Qxd6 Qa8 28. Bxe5 Ne8 29. Qd7 Bxe5 30. Rc8 Nf6 31. Rc7 0-1

[Event "CAN-op"]
[Site "Ottawa CAN"]
[Date "2026.07.11"]
[Round "1.5"]
[White "Noritsyn, Nikolay"]
[Black "Zhu, Matthew"]
[Result "1-0"]
[ECO "B52"]
[WhiteElo "2458"]
[BlackElo "1996"]
[WhiteFideId "-1"]
[BlackFideId "-1"]
[PlyCount "103"]
[GameId "2332995606805985"]
[EventDate "2026.07.11"]
[EventType "swiss"]
[EventRounds "9"]
[EventCountry "CAN"]
[TimeControl "5400+30"]
[WhiteClock "0:12:53"]
[BlackClock "0:01:47"]

1. e4 c5 2. Nf3 d6 3. Bb5+ Bd7 4. c4 a6 5. Bxd7+ Qxd7 6. d4 cxd4 7. Nxd4 Nf6 8. Nc3 g6 9. Bg5 Bg7 10. Bxf6 Bxf6 11. Nd5 Nc6 12. Nxf6+ exf6 13. O-O O-O 14. Re1 Rfe8 15. Re3 Rad8 16. Ne2 Kg7 17. Nc3 Ne7 18. Qd4 Qe6 19. b3 Qe5 20. Qb6 Rd7 21. Rd1 Red8 22. Red3 f5 23. exf5 Nxf5 24. Nd5 Ne7 25. Ne3 h5 26. h3 Kf8 27. Qb4 Kg8 28. Qd2 Kh7 29. Rd4 Qe6 30. Qd3 Nc6 31. Re4 Ne5 32. Qd2 f5 33. Rd4 Nc6 34. Rd3 Ne5 35. Rd4 Nc6 36. Rf4 Ne7 37. h4 Qe5 38. g3 Kg7 39. Re1 Qf6 40. Rd4 Nc6 41. Rd3 Ne5 42. Nd5 Nxd3 43. Nxf6 Nxe1 44. Qc3 Nf3+ 45. Kg2 Nxh4+ 46. gxh4 Rf7 47. Nxh5+ Kg8 48. Nf4 Kh7 49. Qe3 Rdd7 50. Qe6 Rg7 51. Nd5 Rd8 52. Kg3 1-0

[Event "CAN-op"]
[Site "Ottawa CAN"]
[Date "2026.07.11"]
[Round "1.7"]
[White "Sambuev, Bator"]
[Black "Nassar, Marc"]
[Result "1-0"]
[ECO "A56"]
[WhiteElo "2420"]
[BlackElo "1945"]
[WhiteFideId "-1"]
[BlackFideId "-1"]
[PlyCount "85"]
[GameId "2332995606846948"]
[EventDate "2026.07.11"]
[EventType "swiss"]
[EventRounds "9"]
[EventCountry "CAN"]
[TimeControl "5400+30"]
[WhiteClock "0:19:43"]
[BlackClock "0:09:54"]

1. d4 c5 2. d5 d6 3. c4 e5 4. e4 Nf6 5. Nc3 Be7 6. Be2 Nbd7 7. Nf3 Nf8 8. h4 h6 9. g3 N8h7 10. Nh2 a6 11. a4 b6 12. Nf1 Rb8 13. Ne3 g6 14. Nc2 Bf8 15. b4 Qc7 16. Be3 Nd7 17. O-O Bg7 18. h5 g5 19. Bg4 Nhf6 20. Bf5 O-O 21. b5 Ra8 22. Bd2 Kh8 23. bxa6 Bxa6 24. Ne3 Ng8 25. Qf3 Ne7 26. Nb5 Bxb5 27. cxb5 Nf6 28. g4 Nxf5 29. Qxf5 Nd7 30. Nc4 Ra7 31. a5 Qb8 32. Rfb1 Kg8 33. Ra3 Bf6 34. axb6 Rxa3 35. Nxa3 Qb7 36. Nc4 Be7 37. Na5 Qc8 38. Nc6 Bd8 39. Ra1 Nxb6 40. Qxc8 Nxc8 41. Ra8 Bf6 42. Ba5 c4 43. Kf1 1-0

[Event "CAN-op"]
[Site "Ottawa CAN"]
[Date "2026.07.11"]
[Round "1.8"]
[White "Hoekman, Samuel"]
[Black "Golubka, Petro"]
[Result "0-1"]
[ECO "E56"]
[WhiteElo "1983"]
[BlackElo "2355"]
[WhiteFideId "-1"]
[BlackFideId "-1"]
[PlyCount "47"]
[GameId "2332995606863333"]
[EventDate "2026.07.11"]
[EventType "swiss"]
[EventRounds "9"]
[EventCountry "CAN"]
[TimeControl "5400+30"]
[WhiteClock "0:04:12"]
[BlackClock "0:32:50"]

1. d4 Nf6 2. c4 e6 3. Nc3 Bb4 4. e3 O-O 5. Bd3 d5 6. Nf3 c5 7. O-O Nc6 8. cxd5 exd5 9. Ne2 c4 10. Bc2 Bd6 11. b3 b5 12. a4 cxb3 13. Bxb3 b4 14. Bb2 Ba6 15. Re1 Na5 16. Rc1 Rc8 17. Rxc8 Qxc8 18. Ne5 Qb7 19. Nf4 Rc8 20. g4 Nxb3 21. Qxb3 Ne4 22. Rc1 Bc4 23. Nxc4 dxc4 24. Rc3 0-1

[Event "CAN-op"]
[Site "Ottawa CAN"]
[Date "2026.07.11"]
[Round "2.1"]
[White "Cummings, David"]
[Black "Stefansson, Vignir Vatnar"]
[Result "1/2-1/2"]
[ECO "D40"]
[WhiteElo "2233"]
[BlackElo "2540"]
[WhiteFideId "-1"]
[BlackFideId "-1"]
[PlyCount "84"]
[GameId "2332995606986251"]
[EventDate "2026.07.11"]
[EventType "swiss"]
[EventRounds "9"]
[EventCountry "CAN"]
[TimeControl "5400+30"]
[WhiteClock "0:04:15"]
[BlackClock "0:14:46"]

1. c4 e6 2. Nc3 d5 3. e3 Nf6 4. Nf3 c5 5. cxd5 exd5 6. d4 a6 7. b3 cxd4 8. Nxd4 Bb4 9. Bb2 O-O 10. a3 Ba5 11. Be2 Re8 12. O-O Bc7 13. Rc1 Nbd7 14. Qc2 Bb8 15. Rfd1 Ne5 16. Nf3 Be6 17. Nxe5 Bxe5 18. Bf3 Qd6 19. g3 h5 20. Ne2 Bxb2 21. Qxb2 Bg4 22. Bxg4 hxg4 23. Nf4 Rad8 24. b4 g5 25. Ne2 Nd7 26. Nd4 Ne5 27. Qc2 Qf6 28. Qf5 Qxf5 29. Nxf5 Kh7 30. Rc7 b5 31. Kg2 Re6 32. h3 gxh3+ 33. Kxh3 g4+ 34. Kg2 Kg6 35. Nd4 Rf6 36. Ne2 Rfd6 37. Nf4+ Kf5 38. Rc5 d4 39. e4+ Kf6 40. Nh5+ Ke6 41. Nf4+ Kf6 42. Nh5+ Ke6 1/2-1/2

[Event "CAN-op"]
[Site "Ottawa CAN"]
[Date "2026.07.11"]
[Round "2.2"]
[White "Rodrigue-Lemieux, Shawn"]
[Black "Jammalamadaka, Vihaan"]
[Result "1-0"]
[ECO "D32"]
[WhiteElo "2534"]
[BlackElo "2109"]
[WhiteFideId "-1"]
[BlackFideId "-1"]
[PlyCount "93"]
[GameId "2332995606986252"]
[EventDate "2026.07.11"]
[EventType "swiss"]
[EventRounds "9"]
[EventCountry "CAN"]
[TimeControl "5400+30"]
[WhiteClock "0:03:49"]
[BlackClock "0:04:38"]

1. d4 d5 2. c4 e6 3. Nc3 a6 4. cxd5 exd5 5. Bf4 Nf6 6. e3 c5 7. dxc5 Bxc5 8. Nf3 Nc6 9. Be2 h6 10. O-O O-O 11. Rc1 Be6 12. Na4 Be7 13. Nd4 Nxd4 14. Qxd4 Nd7 15. Bc7 Qe8 16. Nb6 Bf6 17. Qb4 Nxb6 18. Qxb6 d4 19. exd4 Bd5 20. Bc4 Qe4 21. Bxd5 Qxd5 22. Rfd1 Rfe8 23. Qb3 Qg5 24. Rc5 Qg4 25. h3 Qd7 26. Bg3 Rac8 27. Rxc8 Rxc8 28. d5 h5 29. d6 h4 30. Bf4 Re8 31. Qc2 Rc8 32. Qd2 Rc4 33. b3 Re4 34. Qc1 Bd8 35. Be3 Re6 36. Qc5 Rg6 37. Kh1 Kh7 38. Bf4 Bf6 39. Qh5+ Kg8 40. Qd5 Bd8 41. Re1 Rf6 42. Re4 Rf5 43. Qd3 Bf6 44. Rc4 Qe6 45. d7 Qd5 46. Rd4 Bxd4 47. Qxf5 1-0

[Event "CAN-op"]
[Site "Ottawa CAN"]
[Date "2026.07.11"]
[Round "2.3"]
[White "Moses, Neil"]
[Black "Atanasov, Anthony"]
[Result "0-1"]
[ECO "B32"]
[WhiteElo "2183"]
[BlackElo "2470"]
[WhiteFideId "-1"]
[BlackFideId "-1"]
[PlyCount "134"]
[GameId "2332995606990349"]
[EventDate "2026.07.11"]
[EventType "swiss"]
[EventRounds "9"]
[EventCountry "CAN"]
[TimeControl "5400+30"]
[WhiteClock "0:04:22"]
[BlackClock "0:01:51"]

1. e4 c5 2. Nf3 Nc6 3. d4 cxd4 4. Nxd4 e5 5. Nb5 d6 6. a4 Be6 7. N1c3 a6 8. Na3 Be7 9. Bc4 Qd7 10. Bxe6 fxe6 11. Nc4 Rd8 12. O-O Nf6 13. Bg5 O-O 14. Bxf6 Bxf6 15. Ne2 d5 16. Nd2 Be7 17. Nb3 Qc7 18. Ng3 Kh8 19. Qe2 Qb6 20. Kh1 d4 21. a5 Qc7 22. c3 d3 23. Qe3 h6 24. Rad1 Nxa5 25. Nxa5 Bg5 26. Qa7 Qxa5 27. Qxb7 Qb5 28. Qxb5 axb5 29. Kg1 Rf7 30. Rfe1 Bc1 31. b3 Rc7 32. Nf1 Bb2 33. c4 bxc4 34. bxc4 Rxc4 35. Re3 Rc3 36. g3 g5 37. h3 Kg7 38. Kg2 Ba3 39. Rf3 h5 40. g4 h4 41. Rd2 Bc1 42. Rd1 Bf4 43. Kg1 Kg6 44. Kg2 Rd7 45. Kg1 Rd4 46. Kg2 Rc1 47. Rdxd3 Rxe4 48. Rc3 Rce1 49. Rfd3 Rd4 50. Ra3 Rxd3 51. Rxd3 e4 52. Ra3 Re2 53. Kg1 Kf6 54. Rb3 Ke5 55. Ra3 Kd4 56. Ra4+ Kc3 57. Ra3+ Kb4 58. Ra6 e5 59. Rc6 Kb3 60. Rc8 Rc2 61. Rb8+ Kc3 62. Rc8+ Kd3 63. Ra8 Ke2 64. Ra4 e3 65. fxe3 Bxe3+ 66. Nxe3 Kxe3 67. Ra3+ Kf4 0-1

[Event "CAN-op"]
[Site "Ottawa CAN"]
[Date "2026.07.11"]
[Round "2.4"]
[White "Preotu, Razvan"]
[Black "Piasetski, Leon"]
[Result "1/2-1/2"]
[ECO "C10"]
[WhiteElo "2482"]
[BlackElo "2159"]
[WhiteFideId "-1"]
[BlackFideId "-1"]
[PlyCount "44"]
[GameId "2332995607002638"]
[EventDate "2026.07.11"]
[EventType "swiss"]
[EventRounds "9"]
[EventCountry "CAN"]
[TimeControl "5400+30"]
[WhiteClock "0:12:21"]
[BlackClock "0:37:23"]

1. e4 e6 2. d4 d5 3. Nc3 dxe4 4. Nxe4 Nd7 5. Nf3 Ngf6 6. Nxf6+ Nxf6 7. g3 Bd7 8. Ne5 Bc6 9. f3 Ba4 10. Bg2 Bb4+ 11. Kf1 O-O 12. Be3 c5 13. a3 cxd4 14. Qxd4 Qxd4 15. Bxd4 Be7 16. b3 Rfd8 17. Bf2 Nd7 18. Nd3 Bc6 19. Nb4 Bb5+ 20. c4 a5 21. Nd3 Bc6 22. f4 Rac8 1/2-1/2

[Event "CAN-op"]
[Site "Ottawa CAN"]
[Date "2026.07.11"]
[Round "2.5"]
[White "Demchenko, Svitlana"]
[Black "Noritsyn, Nikolay"]
[Result "0-1"]
[ECO "A46"]
[WhiteElo "2159"]
[BlackElo "2458"]
[WhiteFideId "-1"]
[BlackFideId "-1"]
[PlyCount "68"]
[GameId "2332995607002639"]
[EventDate "2026.07.11"]
[EventType "swiss"]
[EventRounds "9"]
[EventCountry "CAN"]
[TimeControl "5400+30"]
[WhiteClock "0:00:34"]
[BlackClock "0:19:28"]

1. d4 Nf6 2. Nf3 e6 3. Bf4 h6 4. h3 b6 5. e3 Bb7 6. Bd3 d6 7. Nbd2 Nbd7 8. e4 Qe7 9. Qe2 a6 10. Bh2 g6 11. e5 dxe5 12. dxe5 Nd5 13. c4 Nb4 14. Be4 Nc6 15. O-O Bg7 16. a3 a5 17. Nb3 Rd8 18. Nbd4 Ndb8 19. Rad1 O-O 20. h4 Nxd4 21. Nxd4 Qxh4 22. Bxb7 Rxd4 23. Bg3 Qd8 24. Rxd4 Qxd4 25. Rd1 Qc5 26. Qe4 Qe7 27. Qd4 c5 28. Qe4 Rd8 29. Rd6 Qc7 30. b3 Bf8 31. Rxd8 Qxd8 32. Qf3 Bg7 33. Be4 Qd4 34. Qf4 Nd7 0-1

[Event "CAN-op"]
[Site "Ottawa CAN"]
[Date "2026.07.11"]
[Round "2.7"]
[White "Kola, Venkat Karthikeya R"]
[Black "Sambuev, Bator"]
[Result "0-1"]
[ECO "D30"]
[WhiteElo "2130"]
[BlackElo "2420"]
[WhiteFideId "-1"]
[BlackFideId "-1"]
[PlyCount "98"]
[GameId "2332995607023122"]
[EventDate "2026.07.11"]
[EventType "swiss"]
[EventRounds "9"]
[EventCountry "CAN"]
[TimeControl "5400+30"]
[WhiteClock "0:36:08"]
[BlackClock "0:46:26"]

1. d4 d5 2. c4 e6 3. g3 c6 4. Bg2 dxc4 5. Nf3 b5 6. O-O Nd7 7. a4 Bb7 8. Nc3 a6 9. e4 Ngf6 10. Qc2 Be7 11. e5 Nd5 12. Ne4 h6 13. Bd2 Qb6 14. axb5 cxb5 15. Ba5 Qa7 16. Qd2 O-O 17. h4 f5 18. exf6 N5xf6 19. Nxf6+ Rxf6 20. Qe3 Raf8 21. Nd2 Bxg2 22. Kxg2 e5 23. Rae1 Qa8+ 24. Kg1 R6f7 25. Re2 exd4 26. Qxd4 Bc5 27. Qe4 Nf6 28. Qxa8 Rxa8 29. Rfe1 Rd7 30. Kg2 Kf7 31. Nf3 Rd5 32. Re5 Rc8 33. Rxd5 Nxd5 34. Ne5+ Kg8 35. Ng6 Nb4 36. h5 Nc6 37. Bd2 Kf7 38. f4 Re8 39. Kf3 Rxe1 40. Bxe1 Bd4 41. Bc3 Bxc3 42. bxc3 a5 43. Ke3 a4 44. Kd2 Ke6 45. g4 a3 46. Kc1 b4 47. cxb4 Nxb4 48. Ne5 a2 49. Kb2 c3+ 0-1

[Event "CAN-op"]
[Site "Ottawa CAN"]
[Date "2026.07.11"]
[Round "2.8"]
[White "Golubka, Petro"]
[Black "Rousskikh, Maxim"]
[Result "1-0"]
[ECO "A95"]
[WhiteElo "2355"]
[BlackElo "1998"]
[WhiteFideId "-1"]
[BlackFideId "-1"]
[PlyCount "79"]
[GameId "2332995607027219"]
[EventDate "2026.07.11"]
[EventType "swiss"]
[EventRounds "9"]
[EventCountry "CAN"]
[TimeControl "5400+30"]
[WhiteClock "0:24:38"]
[BlackClock "0:01:36"]

1. d4 d5 2. Nf3 Nf6 3. g3 e6 4. Bg2 Be7 5. c4 Ne4 6. Nc3 c6 7. O-O f5 8. Bf4 O-O 9. h4 Nd7 10. a4 a5 11. Qc2 h6 12. b3 Qe8 13. Rad1 Qh5 14. Bc7 Ndf6 15. Ne5 g5 16. Bf3 g4 17. Bg2 Ne8 18. Bb6 Bd6 19. Nxe4 fxe4 20. Qd2 Bb4 21. Qc1 Bd6 22. Qc3 Bb4 23. Qb2 Ng7 24. f3 gxf3 25. exf3 e3 26. Rd3 Ra6 27. c5 Rxb6 28. cxb6 c5 29. Rxe3 cxd4 30. Re2 Bc5 31. Rc1 Bxb6 32. Kh2 Nf5 33. f4 Ne3 34. Bh3 d3 35. Nxd3 Bd4 36. Qd2 Qf3 37. Ne5 Qh5 38. Rxe3 Bxe3 39. Qxe3 Qe8 40. Bg4 1-0

[Event "CAN-op"]
[Site "Ottawa CAN"]
[Date "2026.07.12"]
[Round "3.3"]
[White "Noritsyn, Nikolay"]
[Black "Plotkin, Victor"]
[Result "0-1"]
[ECO "A07"]
[WhiteElo "2458"]
[BlackElo "2279"]
[WhiteFideId "-1"]
[BlackFideId "-1"]
[PlyCount "163"]
[GameId "2332995607060026"]
[EventDate "2026.07.11"]
[EventType "swiss"]
[EventRounds "9"]
[EventCountry "CAN"]
[TimeControl "5400+30"]
[WhiteClock "0:01:00"]
[BlackClock "0:01:53"]

1. Nf3 Nf6 2. g3 d5 3. Bg2 Bg4 4. c4 c6 5. d4 e6 6. h3 Bf5 7. Nc3 h6 8. Qb3 Qb6 9. c5 Qxb3 10. axb3 Na6 11. Bf4 Ne4 12. g4 Bh7 13. Ne5 g5 14. Bxe4 dxe4 15. Bg3 Bg7 16. Ra4 O-O 17. e3 f5 18. Ne2 Nc7 19. Nd7 Rf7 20. Bxc7 Rxd7 21. Bd6 a6 22. Nc3 Rf7 23. Nb1 Bg6 24. Nd2 h5 25. gxf5 Bxf5 26. h4 g4 27. Nc4 Bf6 28. Ke2 Kh7 29. Rb4 Rg8 30. Bg3 Rgg7 31. Ra1 Rd7 32. Raa4 Bd8 33. Ra1 Kg8 34. Rh1 Rdf7 35. Bf4 Rd7 36. Bd6 Rh7 37. Kf1 Rdg7 38. Kg2 Rf7 39. Bf4 Rhg7 40. Kg3 Rh7 41. Nd6 Rd7 42. Rd1 Ba5 43. Ra4 Bc7 44. Rd2 Bg6 45. Rd1 Kf8 46. Rda1 Kg8 47. Rb4 a5 48. Rb6 Bxb6 49. cxb6 Kf8 50. Rxa5 Ke7 51. Nc8+ Kf8 52. Ra8 Rd8 53. Rb8 Rhd7 54. Bc7 Re8 55. Nd6 Rxb8 56. Bxb8 Ke7 57. Nc4 Rd5 58. b4 Kd7 59. Bc7 Bh7 60. Kg2 Bf5 61. Kf1 Bh7 62. Ke1 Bg8 63. Nd2 Bh7 64. Nb3 Rb5 65. Nc5+ Kc8 66. Kd2 Rxb4 67. Kc3 Rb5 68. Nxe6 Rf5 69. Ng5 Rxg5 70. hxg5 h4 71. d5 cxd5 72. Kd4 Bg8 73. Bf4 Kd7 74. Ke5 Kc6 75. Bh2 Kxb6 76. Kf5 g3 77. fxg3 h3 78. g6 Kc5 79. g4 Kc4 80. Bg1 d4 81. b3+ Kc3 82. exd4 0-1

[Event "CAN-op"]
[Site "Ottawa CAN"]
[Date "2026.07.12"]
[Round "3.4"]
[White "Jaferian, Koosha"]
[Black "Stremavicius, Titas"]
[Result "1-0"]
[ECO "C18"]
[WhiteElo "2249"]
[BlackElo "2555"]
[WhiteFideId "-1"]
[BlackFideId "-1"]
[PlyCount "103"]
[GameId "2332995607068219"]
[EventDate "2026.07.11"]
[EventType "swiss"]
[EventRounds "9"]
[EventCountry "CAN"]
[TimeControl "5400+30"]
[WhiteClock "0:06:44"]
[BlackClock "0:00:40"]

1. e4 e6 2. d4 d5 3. Nc3 Bb4 4. e5 c5 5. a3 Ba5 6. Qg4 Ne7 7. dxc5 Bxc3+ 8. bxc3 O-O 9. Bd3 Nd7 10. Nf3 Nf5 11. a4 Nxc5 12. Ba3 b6 13. O-O Bd7 14. Nd4 Rc8 15. Nxf5 exf5 16. Bxf5 Bxf5 17. Qxf5 Re8 18. Bxc5 Rxc5 19. Rfe1 g6 20. Qd3 Qc7 21. Qd4 Rxc3 22. Qxd5 Rc5 23. Qd4 Rcxe5 24. Rxe5 Qxe5 25. Qxe5 Rxe5 26. f4 Rc5 27. Ra2 Kg7 28. Kf2 h5 29. Ke3 Kf6 30. Kd4 Kf5 31. c4 Ra5 32. g3 Kg4 33. Ke4 Kh3 34. Kf3 Rc5 35. Rc2 Ra5 36. Ra2 Rc5 37. Rc2 a6 38. Rb2 Rc6 39. a5 bxa5 40. Rc2 a4 41. Ke4 a3 42. Kd5 Rb6 43. Ra2 Rb2 44. Rxa3 Rd2+ 45. Kc6 Rc2 46. c5 Kxh2 47. Kb6 f6 48. c6 Rb2+ 49. Kxa6 Rc2 50. Kb7 Rb2+ 51. Kc8 g5 52. Rc3 1-0

[Event "CAN-op"]
[Site "Ottawa CAN"]
[Date "2026.07.12"]
[Round "3.5"]
[White "Sambuev, Bator"]
[Black "Qian, Ashley"]
[Result "1/2-1/2"]
[ECO "D41"]
[WhiteElo "2420"]
[BlackElo "1983"]
[WhiteFideId "-1"]
[BlackFideId "-1"]
[PlyCount "111"]
[GameId "2332995607072316"]
[EventDate "2026.07.11"]
[EventType "swiss"]
[EventRounds "9"]
[EventCountry "CAN"]
[TimeControl "5400+30"]
[WhiteClock "0:05:00"]
[BlackClock "0:01:55"]

1. d4 d5 2. c4 e6 3. Nc3 Nf6 4. cxd5 Nxd5 5. Nf3 c5 6. e3 Nxc3 7. bxc3 Be7 8. Bd3 Nd7 9. O-O O-O 10. e4 b6 11. Bf4 Bb7 12. Qe2 Rc8 13. Rad1 cxd4 14. cxd4 h6 15. d5 exd5 16. exd5 Re8 17. Rfe1 Bc5 18. Qe5 Re7 19. Qxe7 Qxe7 20. Rxe7 Rd8 21. Re8+ Rxe8 22. Bb5 Bc8 23. Kf1 Kf8 24. Bc7 Re4 25. a4 g5 26. h3 Kg7 27. d6 Kf6 28. Bc6 Rc4 29. Nd2 Rd4 30. Ne4+ Kg7 31. Rc1 Kf8 32. Nxc5 Nxc5 33. a5 Ne6 34. Bb5 Rd5 35. Bxb6 Rxb5 36. Rxc8+ Kg7 37. Bc7 Nxc7 38. dxc7 Rc5 39. Ke2 Kf6 40. g4 Ke7 41. a6 Rc6 42. Rh8 Rxc7 43. Rxh6 Rc3 44. h4 gxh4 45. g5 h3 46. f4 h2 47. Kf2 Rc2+ 48. Kg3 Ra2 49. f5 Ra5 50. Rxh2 Rxf5 51. Rb2 Rxg5+ 52. Kf4 Ra5 53. Rb7+ Kd6 54. Rxa7 Kc6 55. Rxf7 Rxa6 56. Ke4 1/2-1/2

[Event "CAN-op"]
[Site "Ottawa CAN"]
[Date "2026.07.12"]
[Round "3.6"]
[White "Dukic, Zachary"]
[Black "Golubka, Petro"]
[Result "0-1"]
[ECO "A05"]
[WhiteElo "2204"]
[BlackElo "2355"]
[WhiteFideId "-1"]
[BlackFideId "-1"]
[PlyCount "42"]
[GameId "2332995607076413"]
[EventDate "2026.07.11"]
[EventType "swiss"]
[EventRounds "9"]
[EventCountry "CAN"]
[TimeControl "5400+30"]
[WhiteClock "0:23:23"]
[BlackClock "0:53:23"]

1. Nf3 Nf6 2. g3 b5 3. Bg2 Bb7 4. O-O e6 5. d3 a6 6. e4 d6 7. Nbd2 c5 8. Qe2 Be7 9. d4 cxd4 10. Nxd4 Nc6 11. Nxc6 Bxc6 12. b3 O-O 13. Bb2 Qb6 14. Kh1 a5 15. a3 Rfd8 16. f4 Rac8 17. g4 d5 18. e5 Ne4 19. f5 Bg5 20. Nf3 Be3 21. Rad1 d4 0-1

[Event "CAN-op"]
[Site "Ottawa CAN"]
[Date "2026.07.12"]
[Round "3.7"]
[White "Marchand, Calix"]
[Black "Preotu, Razvan"]
[Result "0-1"]
[ECO "B06"]
[WhiteElo "2181"]
[BlackElo "2482"]
[WhiteFideId "-1"]
[BlackFideId "-1"]
[PlyCount "88"]
[GameId "2332995607080510"]
[EventDate "2026.07.11"]
[EventType "swiss"]
[EventRounds "9"]
[EventCountry "CAN"]
[TimeControl "5400+30"]
[WhiteClock "0:00:32"]
[BlackClock "0:05:41"]

1. e4 c5 2. c3 d5 3. exd5 Qxd5 4. d4 g6 5. Nf3 Bg7 6. Nbd2 cxd4 7. Bc4 Qd8 8. Qb3 Nh6 9. Ne4 O-O 10. Nxd4 Nd7 11. O-O Ne5 12. Be2 Nf5 13. Nxf5 Bxf5 14. Ng3 Bc8 15. f4 Nd7 16. Be3 Qc7 17. Bf3 Nf6 18. Bd4 Ne8 19. Rad1 Nd6 20. Bxg7 Kxg7 21. Qd5 Kg8 22. Qe5 Be6 23. b3 Rac8 24. c4 b5 25. cxb5 Qb6+ 26. Kh1 Qxb5 27. Bd5 Rc5 28. a4 Qa5 29. b4 Qxb4 30. Rd4 Qa5 31. Rfd1 Bxd5 32. Rxd5 Qxa4 33. Re1 Rxd5 34. Qxd5 Qxf4 35. Qc5 Qd2 36. Rf1 a5 37. Qe5 Re8 38. h4 a4 39. Ra1 a3 40. h5 Qb2 41. Qe1 a2 42. h6 Ra8 43. Kh2 Qd4 44. Qxe7 Qxa1 0-1

[Event "CAN-op"]
[Site "Ottawa CAN"]
[Date "2026.07.12"]
[Round "4.1"]
[White "Golubka, Petro"]
[Black "Jaferian, Koosha"]
[Result "1/2-1/2"]
[ECO "E32"]
[WhiteElo "2355"]
[BlackElo "2249"]
[WhiteFideId "-1"]
[BlackFideId "-1"]
[PlyCount "86"]
[GameId "2332995607158372"]
[EventDate "2026.07.11"]
[EventType "swiss"]
[EventRounds "9"]
[EventCountry "CAN"]
[TimeControl "5400+30"]
[WhiteClock "0:16:01"]
[BlackClock "0:18:46"]

1. d4 Nf6 2. c4 e6 3. Nc3 Bb4 4. Qc2 O-O 5. e4 d5 6. e5 Ne4 7. Bd3 c5 8. Nf3 cxd4 9. Nxd4 Nd7 10. Bf4 Qh4 11. g3 Qh5 12. O-O Bxc3 13. bxc3 g5 14. cxd5 exd5 15. Be3 Nxe5 16. f3 Nxd3 17. Qxd3 Nc5 18. Qd2 Qg6 19. Bxg5 Ne6 20. Bh6 Rd8 21. Rfe1 Nxd4 22. cxd4 Bf5 23. g4 Re8 24. h4 Bd7 25. Re5 f6 26. Rxd5 Qf7 27. Rd6 Re6 28. Rxe6 Bxe6 29. Rc1 Bxa2 30. Qf4 Re8 31. Kf2 Bd5 32. h5 Qe7 33. Kg3 Bc6 34. Rg1 Rd8 35. g5 Qd6 36. gxf6 Kf7 37. Kf2 Qxd4+ 38. Qxd4 Rxd4 39. Rg7+ Kxf6 40. Rxh7 Rd7 41. Rh8 a5 42. Rf8+ Rf7 43. Rxf7+ Ke5 1/2-1/2